 Dungeon Crawl Stone Soup version 0.32-a0-666-ge8a88695a4 (webtiles) character file.

Game seed: 10335912487388851831

1057 cforsyth the Purveyor of Pain (level 8, -22/73 HPs)
             Began as a Mountain Dwarf Necromancer on Mar 9, 2024.
             Was an Initiate of Kikubaaqudgha.
             Annihilated by an ogre
             ... wielding a +0 giant club
              (32 damage)
             ... on level 5 of the Dungeon.
             The game lasted 00:12:48 (5730 turns).

cforsyth the Purveyor of Pain (MDNe)                Turns: 5730, Time: 00:12:49

Health: -22/73     AC: 12    Str: 13    XL:     8   Next: 6%
Magic:  8/10       EV:  3    Int: 16    God:    Kikubaaqudgha [......]
Gold:   252        SH:  0    Dex: 10    Spells: 5/10 levels left

rFire   . . .        x - +1 short sword (venom)
rCold   + . .        (no shield)
rNeg    + . .        e - +0 plate armour
rPois   +            n - +1 helmet
rElec   .            (no cloak)
rCorr   .            (no gloves)
SInv    .            (no boots)
Will    .....        d - amulet of the acrobat Stlth
                     N - ring of positive energy
HPRegen 0.32/turn    C - ring of protection from cold
MPRegen 0.12/turn

%: random rage (3%), acrobat
@: no status effects
A: runic magic, artefact enchanting, berserk 1, poison resistance
a: Renounce Religion


You were on level 5 of the Dungeon.
You worshipped Kikubaaqudgha.
Kikubaaqudgha was noncommittal.
You visited 2 branches of the dungeon, and saw 7 of its levels.
You also visited: Sewer.

You collected 252 gold pieces.


Innate Abilities, Weirdness & Mutations

Your spellcasting is much less encumbered by armour.
You can use scrolls of enchantment on lesser artefacts.
You sometimes lose your temper in combat.
Your system is resistant to poisons. (rPois)


   Skills:
 + Level 7.0 Fighting
 + Level 1.3 Armour
 - Level 1.3 Dodging
 - Level 1.4 Stealth
 - Level 1.7 Spellcasting
 + Level 8.4 Necromancy


You had 5 spell levels left.
You knew the following spells:

 Your Spells              Type           Power      Damage    Failure   Level
a - Animate Dead          Necr           28%        N/A       22%         4
X - Necrotise             Necr           100%       1d9       2%          1

Your spell library contained the following spells:

 Spells                   Type           Power      Damage    Failure   Level
 Fugue of the Fallen      Necr           28%        N/A       7%          3
 Vampiric Draining        Necr           28%        2d8       7%          3
 Kiss of Death            Conj/Necr      56%        2d9       13%         1
 Cigotuvi's Dreadful Rot  Necr/Alch/Air  20%        N/A       34%         2
 Curse of Agony           Necr           28%        N/A       54%         5
 Magic Dart               Conj           4%         1d3       58%         1
 Searing Ray              Conj           2%         2d4       75%         2
 Tukima's Dance           Hex            1%         N/A       92%         3
 Dimensional Bullseye     Hex/Tloc       0%         N/A       100%        4
 Fulminant Prism          Conj/Alch      0%         3d5       100%        4
 Iskenderun's Mystic Bla  Conj/Tloc      1%         2d3       100%        4
 Petrify                  Alch/Erth      1%         N/A       100%        4
 Lee's Rapid Deconstruct  Erth           0%         3d4*      100%        5
 Polar Vortex             Ice            0%         N/A       100%        9

Inventory:

Hand Weapons
 p - a +0 dagger of flaming
 x - a +1 short sword of venom (weapon)
Armour
 e - a +0 plate armour (worn)
 n - a +1 helmet (worn)
Jewellery
 d - an amulet of the acrobat (around neck)
 C - a ring of protection from cold (right hand)
 M - a ring of magical power
 N - a ring of positive energy (left hand)
Scrolls
 a - a scroll of enchant weapon
 c - a scroll of blinking
 h - a scroll of immolation
 m - a scroll of amnesia
Potions
 b - 2 potions of magic
 f - a potion of brilliance {unknown}
 g - 2 potions of haste {@q3}
 k - a potion of degeneration {unknown}
 r - 2 potions of lignification
 s - a potion of curing {unknown}
 w - 2 potions of might

Dungeon Overview and Level Annotations

Branches:
Dungeon (6/15)             Temple (1/1) D:4           Sewer (visited)

Altars:
Ashenzari
Dithmenos
Elyvilon
Fedhas
Gozag
Hepliaklqana
Kikubaaqudgha
Makhleb
Nemelex Xobeh
Okawaru
Sif Muna
Uskayaw
Vehumet
Wu Jian
Yredelemnul
Zin
The Shining One

Shops:
D:2 [   D:5 :

Annotations:
D:2 1 runed translucent door, Crazy Yiuf
D:4 Grinder
D:6 Pikel

###.###.# #.# #Z# #
#..#..# #.# #.#
##.#.##
#.##########.# #.#.#
##.##.##...ZZ.#
#...###..##.##.######
# #..###..##.....# #
#..# #.###.....# #
###.###.###.....# #
#............O@.#
###.#....####..)<.#
.......### #.....#
..>.##.# #.....#
..#.##.# #.....#
....##.# #######
.....(.# .#..####
....###


You could see an ogre (poisoned).


Message History

The ogre writhes in agony.
Unknown command.
You barely miss the ogre.
The ogre is heavily wounded.
The ogre barely misses you.
Unknown command.
You barely miss the ogre.
The ogre is heavily wounded.
You hit the ogre.
The ogre is poisoned.
The ogre is heavily wounded.
The ogre hits you with a +0 giant club!!
* * * LOW HITPOINT WARNING * * *
Unknown command.
The ogre attacks as it pursues you! The ogre closely misses you.
Casting: Necrotise (safe; 2% risk of failure)
Confirm with . or Enter, or press ? or * to list all spells.
Aiming: Necrotise (safe; 2% risk of failure)
Press: ? - help, Shift-Dir - straight line, f/p - ogre
Aim: an ogre, wielding a +0 giant club (severely wounded, very poisoned, chance to affect: 83%)
The ogre writhes in agony.
Unknown command.
Casting: Necrotise (safe; 2% risk of failure)
Confirm with . or Enter, or press ? or * to list all spells.
Aiming: Necrotise (safe; 2% risk of failure)
Press: ? - help, Shift-Dir - straight line, f/p - ogre
Aim: an ogre, wielding a +0 giant club (almost dead, poisoned, chance to affect: 83%)
The ogre barely resists.
The ogre hits you with a +0 giant club!!
You die...
Kikubaaqudgha rasps: You have failed me!
Welcome... death!

Skill      XL: |  1  2  3  4  5  6  7 |
---------------+----------------------+-----
Fighting       | 1 2 4 5 7 |  7.0
Necromancy     | 5 6 7 8 |  8.4
Armour         | 1 |  1.3
Dodging        | |  1.3
Stealth        | |  1.4
Spellcasting   | |  1.7

Action                     |  1- 3 |  4- 6 |  7- 9 || total
---------------------------+-------+-------+-------++-------
  Melee: Unarmed           |    10 |       |       ||    10
         Short sword       |    42 |    71 |   135 ||   248
         Dagger            |       |     2 |       ||     2
   Cast: Necrotise         |    63 |    98 |     8 ||   169
         Animate Dead      |       |       |     1 ||     1
  Evoke: Wand              |       |       |     5 ||     5
    Use: Scroll            |       |    14 |     4 ||    18
         Potion            |       |     4 |     3 ||     7
 Armour: Robe              |     8 |       |       ||     8
         Plate armour      |    62 |   152 |   121 ||   335
  Dodge: Dodged            |    20 |    19 |    21 ||    60

Levels and vault maps discovered:
D:1:      noname_arrival_rooms_in_the_neighbourhood, layout_loops_ring,
          grunt_decor_clamped, minmay_misc_feat_chi, nicolae_hexahallways,
          glass_columns_a
D:2:      layout_basic, serial_shops, nicolae_shop_tiny_waterfront,
          st_stairs_14, serial_bayou_pond_d, minmay_misc_feat_ornament,
          uniq_robin, uniq_crazy_yiuf_cottage, uniq_sigmund, uniq_natasha
D:3:      layout_basic, gammafunk_temple_overflow_pools, serial_glass,
          glass_columns_b, glass_columns_b, glass_columns_b, glass_columns_b,
          item_on_display_a, due_unseen_surprise, feat_on_display, uniq_terence,
          uniq_jessica
D:4:      layout_basic, nicolae_uskayaw_en_pointe,
          minmay_temple_entry_butterflies, uniq_grinder
D:5:      layout_rooms, cheibrodos_sewer_entry_bend, nicolae_custom_books,
          st_stairs_14, minivault_19, dk_rats_in_the_wall
D:6:      layout_basic, mainiacjoe_overflow_catwalk,
          mainiacjoe_overflow_concentric_impassable, uniq_pikel
Temple:   eino_temple_lava

Notes
Turn   | Place    | Note
-------+----------+-------------------------------------------
     0 | D:1      | cforsyth the Mountain Dwarf Necromancer began the quest for
                  | the Orb.
     0 | D:1      | Reached XP level 1. HP: 14/14 MP: 3/3
   180 | D:1      | Reached skill level 1 in Fighting
   280 | D:1      | Reached XP level 2. HP: 17/23 MP: 0/4
   886 | D:1      | Got the Writings on the Solid Crevasse
  1382 | D:2      | Reached skill level 2 in Fighting
  1382 | D:2      | Reached skill level 5 in Necromancy
  1382 | D:2      | Reached XP level 3. HP: 26/29 MP: 0/5
  1568 | D:2      | Noticed Robin
  1699 | D:2      | Killed Robin
  1856 | D:2      | Reached XP level 4. HP: 37/37 MP: 0/6
  1923 | D:2      | Noticed Sigmund
  2138 | D:2      | Killed Sigmund
  2139 | D:2      | Reached skill level 4 in Fighting
  2139 | D:2      | Reached skill level 6 in Necromancy
  2139 | D:2      | Reached XP level 5. HP: 46/46 MP: 2/7
  2450 | D:2      | Found Vossur's Antique Armour Boutique.
  2579 | D:2      | Noticed Natasha
  2587 | D:2      | Killed Natasha
  2588 | D:2      | Reached XP level 6. HP: 52/53 MP: 3/8
  2803 | D:2      | Found a runed translucent door.
  2804 | D:2      | Noticed Crazy Yiuf
  2960 | D:2      | Learned a level 4 spell: Animate Dead
  3066 | D:3      | Noticed Terence
  3090 | D:3      | Killed Terence
  3332 | D:3      | Noticed Jessica
  3335 | D:3      | Killed Jessica
  3662 | D:3      | Found a basalt altar of Yredelemnul.
  3662 | D:3      | Found a blossoming altar of Fedhas.
  3924 | D:4      | Identified the +7 long sword "Gedakhluo" {holy, ^Drain rF+
                  | rC+++}
  3929 | D:4      | Noticed a +0 falchion
  3930 | D:4      | Noticed a +0 dagger
  3930 | D:4      | Noticed a +0 spear
  3930 | D:4      | Noticed a +0 short sword
  3932 | D:4      | Noticed a +0 dagger
  3932 | D:4      | Noticed a +0 spear
  3933 | D:4      | Noticed a +0 short sword
  3934 | D:4      | Noticed a +0 falchion
  3949 | D:4      | Found a hide-covered altar of Uskayaw.
  4041 | D:4      | Found a staircase to the Ecumenical Temple.
  4051 | Temple   | Entered the Ecumenical Temple
  4060 | Temple   | Became a worshipper of Kikubaaqudgha
  4184 | D:4      | Reached skill level 5 in Fighting
  4184 | D:4      | Reached skill level 7 in Necromancy
  4309 | D:4      | Noticed Grinder
  4315 | D:5      | Entered Level 5 of the Dungeon
  4382 | D:5      | Gained mutation: You sometimes lose your temper in combat.
                  | [potion of mutation]
  4382 | D:5      | Gained mutation: Your system is resistant to poisons.
                  | (rPois) [potion of mutation]
  4444 | D:5      | Reached XP level 7. HP: 29/62 MP: 9/9
  4451 | D:5      | Reached skill level 6 in Fighting
  4513 | D:5      | Found Latugysh's Self-Published Books.
  4525 | D:5      | HP: 5/63 [orc priest/+0 flail (2)]
  4525 | D:5      | HP: 1/63 [orc priest/+0 flail (4)]
  4568 | D:5      | Reached skill level 8 in Necromancy
  4601 | D:5      | Found a glowing drain.
  4625 | Sewer    | Entered a sewer
  4983 | Sewer    | Identified the +10 dagger of the Shifting Weasel {heavy,
                  | ^Contam *Slow rN++ Int+3}
  5156 | D:5      | Reached skill level 7 in Fighting
  5156 | D:5      | Reached skill level 1 in Armour
  5156 | D:5      | Reached XP level 8. HP: 60/73 MP: 10/10
  5371 | D:5      | Reached * piety under Kikubaaqudgha
  5371 | D:5      | Received a gift from Kikubaaqudgha
  5691 | D:6      | Noticed Pikel
  5730 | D:5      | Annihilated by an ogre

Vanquished Creatures
  Sigmund (D:2)
  A crocodile (Sewer)
  An ogre (D:5)
  2 phantoms (D:5)
  2 scorpions
  A howler monkey (D:5)
  A hound (D:5)
  2 orc priests (D:5)
  A sleepcap (D:5)
  Jessica (D:3)
  An iguana (D:5)
  Natasha (D:2)
  2 orc wizards (D:5)
  Terence (D:3)
  Robin (D:2)
  2 adders
  3 dart slugs
  2 ribbon worms (D:5)
  15 orcs
  7 ball pythons
  5 endoplasms
  3 giant cockroaches
  12 goblins
  4 hobgoblins
  6 jackals
  9 kobolds
  2 quokkas
  4 bats
  3 frilled lizards
  3 rats
99 creatures vanquished.

Vanquished Creatures (collateral kills)
  A goblin (D:2)
  A jackal (D:1)
  A kobold (D:3)
  A rat (D:1)
  A butterfly (D:4)
5 creatures vanquished.

Grand Total: 104 creatures vanquished

Table legend: (Time is in decaauts)
 A = Elapsed time spent in this place.
 B = Non-inter-level travel time spent in this place.
 C = Inter-level travel time spent in this place.
 D = Time resting spent in this place.
 E = Time spent auto-exploring this place.
 F = Levels seen in this place.
 G = Mean time per level.
                   A        B        C        D        E       F      G
               +--------+--------+--------+--------+--------+-----+--------+
         Total |   5790 |   5673 |    117 |    584 |   3911 |   8 |  723.8 |
       Dungeon |   5351 |   5243 |    108 |    537 |   3615 |   6 |  891.8 |
        Temple |     18 |      9 |      9 |      0 |      0 |   1 |   18.0 |
         Sewer |    420 |    420 |      0 |     47 |    295 |   1 |  420.0 |
               +--------+--------+--------+--------+--------+-----+--------+

Top non-repeatable levels by time:
     D:1: 1647 daAuts
     D:2: 1237 daAuts
     D:5: 1037 daAuts
     D:3: 1010 daAuts
   Sewer: 420 daAuts
     D:4: 412 daAuts
  Temple: 18 daAuts
     D:6: 5 daAuts

Table legend:
 A = Non-vault XP
 B = Vault XP
 C = Vault XP percentage of total XP
 D = Non-vault monster count
 E = Vault monster count
 F = Vault count percentage of total count
                 A         B        C        D         E       F
            +---------+---------+-------+---------+---------+-------
      Total |     902 |     608 |  40.3 |      79 |      24 |  23.3
            +---------+---------+-------+---------+---------+-------
        D:1 |      41 |       2 |   4.7 |      22 |       1 |   4.3
        D:2 |      43 |     316 |  88.0 |      16 |      14 |  46.7
        D:3 |      43 |      69 |  61.6 |      15 |       2 |  11.8
        D:4 |      90 |       0 |   0.0 |       6 |       0 |   0.0
        D:5 |     685 |      95 |  12.2 |      20 |       3 |  13.0
      Sewer |       0 |     126 | 100.0 |       0 |       4 | 100.0
            +---------+---------+-------+---------+---------+-------
